Senators vs Influenza
Created - 25 janvier 2017 at 23:51
Goals
|
| Senators |
2 |
6 |
0 |
8 |
| Influenza |
1 |
1 |
1 |
3 |
|
Shots
|
| Senators |
18 |
18 |
4 |
40 |
| Influenza |
12 |
15 |
5 |
32 |
|
1st period
1. Influenza , T.J Galiardi 16 (Charlie Coyle) at 2:59
2. Senators , Josh Hennessy 7 (Andy Hilbert, Jack Skille) at 7:21
3. Senators , Sergei Kostitsyn 25 (Cody Hodgson) at 8:46
Penalties :
Ben Smith (VJB) for Tripping (Minor) at 17:06
2nd period
4. Senators , Gabriel Bourque 10 (Logan Stephenson) at 0:44
5. Senators , Shane Sims 1 (Sergei Kostitsyn, Cody Hodgson) at 1:42
6. Senators , Sergei Kostitsyn 26 (Stanislav Chistov) at 2:03
7. Influenza , Corey Tropp 5 (Mathieu Carle) at 9:22
8. Senators , Logan Stephenson 5 (Sergei Kostitsyn, Cody Hodgson) at 10:07 (PP)
9. Senators , Cody Hodgson 24 (Sergei Kostitsyn, Stanislav Chistov) at 10:32
10. Senators , Sergei Kostitsyn 27 (Stanislav Chistov, Cody Hodgson) at 13:31
Penalties :
Evgeny Grachev (VJB) for Roughing (Minor) at 2:48, Ben Smith (VJB) for Boarding (Minor) at 9:50, Logan Stephenson (BIN) for Holding (Minor) at 11:06
3rd period
11. Influenza , T.J Galiardi 17 (Corey Tropp, Charlie Coyle) at 7:00
Penalties :
Evgeny Grachev (VJB) for Holding (Minor) at 0:21, T.J Galiardi (VJB) for Roughing (Double Minor) at 13:20
Goalie Stats
Marc Denis (BIN), 29 saves from 32 shots - (0,906), W, 9-10-1, 60:00 minutes
Olivier Roy (VJB), 15 saves from 18 shots - (0,833), 37:57 minutes
Thomas McCollum (VJB), 17 saves from 22 shots - (0,773), L, 19-8-1, 22:03 minutes
Players Stats for Senators
Player Name G A P +/- PIM S H SB GA TA FO MP PP MP PK MP
------------------------------------------------------------------------------------
Andy Hilbert 0 1 1 0 0 0 2 0 0 0 0/0 11:50 4:14 1:00
Cody Hodgson 1 4 5 5 0 3 3 2 0 0 20/38 22:58 4:51 0:40
Gabriel Bourque 1 0 1 0 0 6 2 0 1 0 0/1 14:26 1:16 0:19
Jack Skille 0 1 1 0 0 2 3 0 1 0 0/0 16:50 4:19 0:00
Jaden Schwartz 0 0 0 -1 0 1 0 0 0 0 0/0 12:12 0:59 0:00
Jeff Petry 0 0 0 2 0 1 2 1 0 1 0/0 18:33 3:16 1:18
Josh Hennessy 1 0 1 0 0 4 1 0 0 0 2/3 10:50 4:14 0:00
Logan Stephenson 1 1 2 3 2 4 1 1 0 0 0/0 27:35 6:57 0:00
Mark Olver 0 0 0 0 0 5 3 1 0 0 7/12 13:10 0:00 0:19
Martin Marincin 0 0 0 -1 0 0 0 2 0 1 0/0 13:10 0:00 0:00
Matt Frattin 0 0 0 -1 0 1 0 1 1 0 0/0 10:54 0:00 0:00
Milan Jurcina 0 0 0 3 0 1 2 1 0 0 0/0 28:40 6:57 1:18
Nick Bjugstad 0 0 0 -1 0 1 0 1 2 0 4/7 11:14 0:20 0:00
Nicolas Deslauriers 0 0 0 -1 0 0 2 1 0 0 0/0 14:05 0:00 0:41
Sergei Kostitsyn 3 3 6 5 0 7 2 1 3 0 2/3 22:48 4:40 1:00
Shane Sims 1 0 1 2 0 3 2 5 0 0 0/0 18:10 3:16 0:41
Stanislav Chistov 0 3 3 5 0 1 1 0 0 2 1/1 22:55 4:53 0:40
Tomas Jurco 0 0 0 0 0 0 0 0 0 0 0/0 7:40 0:53 0:00
Players Stats for Influenza
Player Name G A P +/- PIM S H SB GA TA FO MP PP MP PK MP
------------------------------------------------------------------------------------
Ben Smith 0 0 0 -6 4 4 0 0 1 0 3/4 21:06 0:00 3:49
Carl Gunnarsson 0 0 0 0 0 2 1 0 0 2 0/0 19:55 0:48 3:40
Charlie Coyle 0 2 2 2 0 1 1 0 0 1 3/9 17:33 0:00 4:41
Corey Tropp 1 1 2 2 0 2 2 0 0 0 0/0 12:35 0:00 0:00
Evgeny Grachev 0 0 0 -6 4 3 4 0 0 0 12/34 19:11 1:22 2:44
Iiro Pakarinen 0 0 0 0 0 1 1 1 0 0 1/2 7:51 0:00 0:07
Jamie Benn 0 0 0 -6 0 1 0 0 1 0 0/0 19:19 1:22 4:07
Jeff May 0 0 0 0 0 0 1 2 0 0 0/0 14:00 1:22 0:20
Jeremy Morin 0 0 0 0 0 1 2 0 0 0 0/2 16:24 0:37 0:00
John Klingberg 0 0 0 -4 0 3 3 1 1 1 0/0 27:31 1:11 6:03
Jordan Schroeder 0 0 0 0 0 0 0 0 0 0 2/2 6:43 0:00 1:52
Mark Scheifele 0 0 0 0 0 3 0 0 0 0 6/10 11:11 0:37 1:35
Mathieu Carle 0 1 1 -4 0 1 2 0 0 2 0/0 27:31 1:11 6:03
Matt Corrente 0 0 0 0 0 2 1 6 0 1 0/0 20:05 0:48 3:50
Oskars Bartulis 0 0 0 0 0 1 0 1 1 1 0/0 12:34 0:00 0:30
Robbie Earl 0 0 0 0 0 3 1 1 0 0 0/0 15:47 0:37 1:31
Ryan Russell 0 0 0 0 0 0 1 0 0 0 1/1 7:44 0:00 0:00
T.J Galiardi 2 0 2 2 4 4 0 0 0 0 1/1 12:42 0:00 0:00
3 Stars
1 - Sergei Kostitsyn (BIN)
2 - Cody Hodgson (BIN)
3 - Stanislav Chistov (BIN)
Power Play
Senators - 1 on 6 Attempt(s) - 16,67%
Influenza - 0 on 1 Attempt(s) - 0,00%
Penalty Kill
Senators - 1 on 1 Attempt(s) - 100,00%
- Score 0 goal in Penalty Kill
Influenza - 5 on 6 Attempt(s) - 83,33%
- Score 0 goal in Penalty Kill
Team Stat
Senators - Hits : 26 - Faceoff Wins : 36 - Blocked Shots : 17 - Penalty Minutes : 2
Influenza - Hits : 20 - Faceoff Wins : 29 - Blocked Shots : 12 - Penalty Minutes : 12
Official
Referees : McCreary Bill and Ciamaga Chris
Linesman : Dan Schachte and Don Henderson
Game Notes
16:57 of 1st period - Senators goal is going for a video replay. After video review, No Goal. The attacking player has interfered with a goalkeeper in his goal crease.
0:13 of 2nd period - Influenza goal is going for a video replay. After video review, No Goal. The puck has entered the net after making contact with an attacking player’s stick that is above the height of the crossbar.
Olivier Roy enters game at 2:03 of 2nd period
Mark Scheifele is injured at 13:21 of 2nd period (Torn Right Knee Ligaments)
Sergei Kostitsyn has scored a Hat Trick!
Finance
Level 1 -- Attendance: 1556 (77,80%) -- Ticket Income 62 240 $
Level 2 -- Attendance: 800 (80,00%) -- Ticket Income 16 000 $
Total Attendance: 2356 (78,53%)
Total Ticket Income: 78 240 $
Other Income: 3 912 $
Total Income: 82 152 $
Senators
5 vs 5 Forward
Center Left Wing Right Wing Time % Phy DF OF
1 Cody Hodgson Sergei Kostitsyn Stanislav Chistov 40 1 2 2
2 Mark Olver Gabriel Bourque Jack Skille 30 1 2 2
3 Nick Bjugstad Jaden Schwartz Matt Frattin 20 1 2 2
4 Josh Hennessy Andy Hilbert Tomas Jurco 10 1 2 2
5 vs 5 Defense
Defense Defense Time % Phy DF OF
1 Milan Jurcina Logan Stephenson 40 1 2 2
2 Shane Sims Jeff Petry 30 1 2 2
3 Martin Marincin Nicolas Deslauriers 20 1 2 2
4 Milan Jurcina Logan Stephenson 10 1 2 2
PowerPlay Forward
Center Left Wing Right Wing Time % Phy DF OF
1 Cody Hodgson Sergei Kostitsyn Stanislav Chistov 60 0 1 3
2 Josh Hennessy Andy Hilbert Jack Skille 40 1 1 3
PowerPlay Defense
Defense Defense Time % Phy DF OF
1 Milan Jurcina Logan Stephenson 60 1 2 2
2 Shane Sims Jeff Petry 40 1 2 2
Penalty Kill 4 Players Forward
Center Wing Time % Phy DF OF
1 Sergei Kostitsyn Andy Hilbert 60 1 2 2
2 Cody Hodgson Stanislav Chistov 40 1 2 2
Penalty Kill 4 Players Defense
Defense Defense Time % Phy DF OF
1 Milan Jurcina Logan Stephenson 60 1 2 2
2 Shane Sims Jeff Petry 40 1 2 2
Penalty Kill - 3 Players Forward
Forward Time % Phy DF OF
1 Sergei Kostitsyn 60 1 2 2
2 Andy Hilbert 40 1 2 2
Penalty Kill - 3 Players Defense
Defense Defense Time % Phy DF OF
1 Milan Jurcina Logan Stephenson 60 1 2 2
2 Shane Sims Jeff Petry 40 1 2 2
4 vs 4 Forward
Center Wing Time % Phy DF OF
1 Sergei Kostitsyn Andy Hilbert 60 1 2 2
2 Cody Hodgson Stanislav Chistov 40 1 2 2
4 vs 4 Defense
Defense Defense Time % Phy DF OF
1 Milan Jurcina Logan Stephenson 60 1 2 2
2 Shane Sims Jeff Petry 40 1 2 2
Last Minutes Offensive
Center Left Wing Right Wing Defense Defense
Cody Hodgson Sergei Kostitsyn Stanislav Chistov Milan Jurcina Logan Stephenson
Last Minutes Defensive
Center Left Wing Right Wing Defense Defense
Cody Hodgson Sergei Kostitsyn Stanislav Chistov Milan Jurcina Logan Stephenson
Goaltenders
Starting : Marc Denis
Backup : Jeff Frazee
Extra Forwards
Normal : Gabriel Bourque, Jaden Schwartz, Mark Olver - PP : Gabriel Bourque, Jaden Schwartz - PK : Mark Olver
Extra Defensemen
Normal : Martin Marincin, Jeff Petry, Shane Sims - PP : Martin Marincin - PK : Jeff Petry, Shane Sims
Penalty Shots
Sergei Kostitsyn, Andy Hilbert, Cody Hodgson, Stanislav Chistov, Josh Hennessy
Influenza
5 vs 5 Forward
Center Left Wing Right Wing Time % Phy DF OF
1 Evgeny Grachev Jamie Benn Ben Smith 40 1 2 2
2 Mark Scheifele Robbie Earl Jeremy Morin 30 1 2 2
3 Charlie Coyle T.J Galiardi Corey Tropp 20 1 2 2
4 Mark Scheifele Ryan Russell Iiro Pakarinen 10 1 2 2
5 vs 5 Defense
Defense Defense Time % Phy DF OF
1 John Klingberg Mathieu Carle 40 1 2 2
2 Carl Gunnarsson Matt Corrente 30 1 2 2
3 Oskars Bartulis Jeff May 20 1 2 2
4 John Klingberg Mathieu Carle 10 1 2 2
PowerPlay Forward
Center Left Wing Right Wing Time % Phy DF OF
1 Evgeny Grachev Jamie Benn Jeff May 60 1 2 2
2 Mark Scheifele Robbie Earl Jeremy Morin 40 1 2 2
PowerPlay Defense
Defense Defense Time % Phy DF OF
1 John Klingberg Mathieu Carle 60 1 2 2
2 Carl Gunnarsson Matt Corrente 40 1 2 2
Penalty Kill 4 Players Forward
Center Wing Time % Phy DF OF
1 Evgeny Grachev Ben Smith 60 1 2 2
2 Charlie Coyle Jamie Benn 40 1 2 2
Penalty Kill 4 Players Defense
Defense Defense Time % Phy DF OF
1 John Klingberg Mathieu Carle 60 1 2 2
2 Carl Gunnarsson Matt Corrente 40 1 2 2
Penalty Kill - 3 Players Forward
Forward Time % Phy DF OF
1 Evgeny Grachev 60 1 2 2
2 Charlie Coyle 40 1 2 2
Penalty Kill - 3 Players Defense
Defense Defense Time % Phy DF OF
1 John Klingberg Mathieu Carle 60 1 2 2
2 Carl Gunnarsson Matt Corrente 40 1 2 2
4 vs 4 Forward
Center Wing Time % Phy DF OF
1 Evgeny Grachev Ben Smith 60 1 2 2
2 Mark Scheifele Jamie Benn 40 1 2 2
4 vs 4 Defense
Defense Defense Time % Phy DF OF
1 John Klingberg Mathieu Carle 60 1 2 2
2 Carl Gunnarsson Matt Corrente 40 1 2 2
Last Minutes Offensive
Center Left Wing Right Wing Defense Defense
Evgeny Grachev Jamie Benn Ben Smith John Klingberg Mathieu Carle
Last Minutes Defensive
Center Left Wing Right Wing Defense Defense
Charlie Coyle Robbie Earl Ben Smith John Klingberg Mathieu Carle
Goaltenders
Starting : Thomas McCollum
Backup : Olivier Roy
Extra Forwards
Normal : Mark Scheifele, Ben Smith, Jeremy Morin - PP : Mark Scheifele, Evgeny Grachev - PK : Charlie Coyle
Extra Defensemen
Normal : Carl Gunnarsson, John Klingberg, Matt Corrente - PP : Carl Gunnarsson - PK : Carl Gunnarsson, Oskars Bartulis
Penalty Shots
Jamie Benn, Robbie Earl, Mark Scheifele, John Klingberg, Evgeny Grachev
% Time on Ice - Senators
Lines # - Real PCT - Wanted PCT - Time Play
Normal Forward
1 - 36% - 40% - 17:13
2 - 27% - 30% - 13:05
3 - 23% - 20% - 10:54
4 - 14% - 10% - 6:36
Normal Defense
1 - 39% - 40% - 18:30
2 - 29% - 30% - 13:59
3 - 28% - 20% - 13:10
4 - 4% - 10% - 2:09
PP Forward
1 - 56% - 60% - 5:45
2 - 44% - 40% - 4:28
PP Defense
1 - 68% - 60% - 6:57
2 - 32% - 40% - 3:16
PK Forward
1 - 66% - 60% - 1:19
2 - 34% - 40% - 0:40
PK Defense
1 - 100% - 60% - 1:59
2 - 0% - 40% - 0:00
PK3 Forward
1 - 0% - 60%
2 - 0% - 40%
PK3 Defense
1 - 0% - 60%
2 - 0% - 40%
44 Forward
1 - 0% - 60%
2 - 0% - 40%
44 Defense
1 - 0% - 60%
2 - 0% - 40%
Last Minute Offensive - 0:00
Last Minute Defensive - 0:00
Total
Forward - 60:00
Defense - 60:00
|
% Time on Ice - Influenza
Lines # - Real PCT - Wanted PCT - Time Play
Normal Forward
1 - 32% - 40% - 15:15
2 - 26% - 30% - 12:14
3 - 26% - 20% - 12:35
4 - 16% - 10% - 7:44
Normal Defense
1 - 39% - 40% - 18:42
2 - 32% - 30% - 15:27
3 - 25% - 20% - 11:56
4 - 4% - 10% - 1:43
PP Forward
1 - 69% - 60% - 1:22
2 - 31% - 40% - 0:37
PP Defense
1 - 60% - 60% - 1:11
2 - 40% - 40% - 0:48
PK Forward
1 - 88% - 60% - 9:02
2 - 12% - 40% - 1:11
PK Defense
1 - 62% - 60% - 6:23
2 - 38% - 40% - 3:50
PK3 Forward
1 - 0% - 60%
2 - 0% - 40%
PK3 Defense
1 - 0% - 60%
2 - 0% - 40%
44 Forward
1 - 0% - 60%
2 - 0% - 40%
44 Defense
1 - 0% - 60%
2 - 0% - 40%
Last Minute Offensive - 0:00
Last Minute Defensive - 0:00
Total
Forward - 60:00
Defense - 60:00
|
Play by Play
1st period
0:01 of 1st period - Cody Hodgson wins face-off versus Evgeny Grachev in neutral zone.
1:09 of 1st period - Wrist shot by Mark Scheifele.
1:09 of 1st period - Stopped by Marc Denis without a rebound.
1:10 of 1st period - Ryan Russell wins face-off versus Nick Bjugstad in Senators zone.
1:31 of 1st period - Slapshot by Matt Frattin.
1:31 of 1st period - Stopped by Thomas McCollum without a rebound.
1:32 of 1st period - Cody Hodgson wins face-off versus Ben Smith in Influenza zone.
1:43 of 1st period - Snap shot by Evgeny Grachev.
1:43 of 1st period - Deflect By Sergei Kostitsyn.
1:43 of 1st period - Shot Misses the Net.
1:43 of 1st period - Puck is out of play.
1:44 of 1st period - Mark Olver wins face-off versus Mark Scheifele in Senators zone.
1:49 of 1st period - Slapshot by Mark Scheifele.
1:49 of 1st period - Stopped by Marc Denis without a rebound.
1:50 of 1st period - Mark Scheifele wins face-off versus Mark Olver in Senators zone.
2:03 of 1st period - Wrist shot by Jack Skille.
2:03 of 1st period - Stopped by Thomas McCollum with a rebound.
2:05 of 1st period - Wrist shot by Mark Olver.
2:05 of 1st period - Stopped by Thomas McCollum with a rebound.
2:40 of 1st period - Off-side.
2:41 of 1st period - Nick Bjugstad wins face-off versus Charlie Coyle in neutral zone.
2:52 of 1st period - Matt Frattin is hit by Corey Tropp and loses puck.
2:59 of 1st period - Snap shot by T.J Galiardi.
2:59 of 1st period - Goal by T.J Galiardi - Senators : 0 - Influenza : 1.
3:00 of 1st period - Cody Hodgson wins face-off versus Evgeny Grachev in neutral zone.
3:09 of 1st period - Snap shot by Jamie Benn.
3:09 of 1st period - Shot Misses the Net.
3:25 of 1st period - Gabriel Bourque is hit by Jeremy Morin and loses puck.
3:52 of 1st period - Wrist shot by Josh Hennessy.
3:52 of 1st period - Stopped by Thomas McCollum without a rebound.
3:53 of 1st period - Cody Hodgson wins face-off versus Evgeny Grachev in Influenza zone.
4:00 of 1st period - Wrist shot by Sergei Kostitsyn.
4:00 of 1st period - Shot Misses the Net.
4:18 of 1st period - Mathieu Carle is hit by Milan Jurcina and loses puck.
4:56 of 1st period - Off-side.
4:57 of 1st period - Mark Scheifele wins face-off versus Nick Bjugstad in neutral zone.
5:00 of 1st period - Logan Stephenson is hit by Robbie Earl and loses puck.
5:09 of 1st period - Snap shot by Mark Scheifele.
5:09 of 1st period - Shot Misses the Net.
5:23 of 1st period - T.J Galiardi is hit by Gabriel Bourque and loses puck.
5:50 of 1st period - Logan Stephenson is hit by Matt Corrente and loses puck.
6:46 of 1st period - Wrist shot by Sergei Kostitsyn.
6:46 of 1st period - Stopped by Thomas McCollum with a rebound.
7:21 of 1st period - Wrist shot by Josh Hennessy.
7:21 of 1st period - Goal by Josh Hennessy - Senators : 1 - Influenza : 1.
7:22 of 1st period - Mark Scheifele wins face-off versus Cody Hodgson in neutral zone.
7:47 of 1st period - Carl Gunnarsson is hit by Nicolas Deslauriers.
7:53 of 1st period - Slapshot by Jamie Benn.
7:53 of 1st period - Shot Blocked by Martin Marincin.
8:09 of 1st period - Jaden Schwartz is hit by Mathieu Carle.
8:13 of 1st period - Matt Frattin is hit by Corey Tropp and loses puck.
8:36 of 1st period - Snap shot by Josh Hennessy.
8:36 of 1st period - Shot Misses the Net.
8:38 of 1st period - Slapshot by Josh Hennessy.
8:38 of 1st period - Shot Blocked by Jeff May.
8:40 of 1st period - Snap shot by Shane Sims.
8:40 of 1st period - Shot Blocked by Jeff May.
8:42 of 1st period - Slapshot by Shane Sims.
8:42 of 1st period - Deflect By Mark Scheifele.
8:42 of 1st period - Stopped by Thomas McCollum without a rebound.
8:43 of 1st period - Cody Hodgson wins face-off versus Evgeny Grachev in Influenza zone.
8:46 of 1st period - Backhand shot by Sergei Kostitsyn.
8:46 of 1st period - Goal by Sergei Kostitsyn - Senators : 2 - Influenza : 1.
8:47 of 1st period - Cody Hodgson wins face-off versus Mark Scheifele in neutral zone.
9:35 of 1st period - Ben Smith is hit by Jack Skille and loses puck.
10:08 of 1st period - Snap shot by Matt Frattin.
10:08 of 1st period - Deflect By Nick Bjugstad.
10:08 of 1st period - Stopped by Thomas McCollum with a rebound.
11:54 of 1st period - Snap shot by Mark Olver.
11:54 of 1st period - Stopped by Thomas McCollum with a rebound.
12:00 of 1st period - Slapshot by Jack Skille.
12:00 of 1st period - Shot Misses the Net.
12:02 of 1st period - Snap shot by Shane Sims.
12:02 of 1st period - Shot Blocked by Matt Corrente.
12:12 of 1st period - Carl Gunnarsson is hit by Cody Hodgson and loses puck.
13:08 of 1st period - Slapshot by Jaden Schwartz.
13:08 of 1st period - Stopped by Thomas McCollum without a rebound.
13:09 of 1st period - Evgeny Grachev wins face-off versus Cody Hodgson in Influenza zone.
13:36 of 1st period - Logan Stephenson is hit by Charlie Coyle and loses puck.
13:43 of 1st period - Wrist shot by Mark Olver.
13:43 of 1st period - Stopped by Thomas McCollum without a rebound.
13:44 of 1st period - T.J Galiardi wins face-off versus Cody Hodgson in Influenza zone.
13:53 of 1st period - Snap shot by Cody Hodgson.
13:53 of 1st period - Shot Blocked by Oskars Bartulis.
13:55 of 1st period - Slapshot by Shane Sims.
13:55 of 1st period - Deflect By Stanislav Chistov.
13:55 of 1st period - Shot Misses the Net.
13:55 of 1st period - Puck is out of play.
13:56 of 1st period - Evgeny Grachev wins face-off versus Cody Hodgson in Influenza zone.
14:01 of 1st period - Logan Stephenson is hit by Evgeny Grachev and loses puck.
14:32 of 1st period - Snap shot by T.J Galiardi.
14:32 of 1st period - Stopped by Marc Denis with a rebound.
14:52 of 1st period - Backhand shot by Gabriel Bourque.
14:52 of 1st period - Stopped by Thomas McCollum without a rebound.
14:53 of 1st period - Nick Bjugstad wins face-off versus Iiro Pakarinen in Influenza zone.
15:04 of 1st period - Snap shot by Matt Frattin.
15:04 of 1st period - Shot Misses the Net.
15:25 of 1st period - Wrist shot by Evgeny Grachev.
15:25 of 1st period - Stopped by Marc Denis without a rebound.
15:26 of 1st period - Evgeny Grachev wins face-off versus Cody Hodgson in Senators zone.
15:27 of 1st period - Snap shot by Jamie Benn.
15:27 of 1st period - Shot Misses the Net.
15:29 of 1st period - Wrist shot by Ben Smith.
15:29 of 1st period - Shot Misses the Net.
15:31 of 1st period - Slapshot by Oskars Bartulis.
15:31 of 1st period - Stopped by Marc Denis with a rebound.
15:33 of 1st period - Snap shot by Jamie Benn.
15:33 of 1st period - Shot Misses the Net.
15:35 of 1st period - Slapshot by Oskars Bartulis.
15:35 of 1st period - Shot Blocked by Cody Hodgson.
15:39 of 1st period - Snap shot by Jamie Benn.
15:39 of 1st period - Deflect By Sergei Kostitsyn.
15:39 of 1st period - Shot Misses the Net.
15:39 of 1st period - Puck is out of play.
15:40 of 1st period - Mark Scheifele wins face-off versus Cody Hodgson in Senators zone.
16:09 of 1st period - Slapshot by T.J Galiardi.
16:09 of 1st period - Shot Blocked by Cody Hodgson.
16:29 of 1st period - Wrist shot by Cody Hodgson.
16:29 of 1st period - Shot Blocked by Matt Corrente.
16:31 of 1st period - Slapshot by Logan Stephenson.
16:31 of 1st period - Stopped by Thomas McCollum with a rebound.
16:33 of 1st period - Snap shot by Sergei Kostitsyn.
16:33 of 1st period - Deflect By Stanislav Chistov.
16:33 of 1st period - Stopped by Thomas McCollum with a rebound.
16:35 of 1st period - Slapshot by Logan Stephenson.
16:35 of 1st period - Deflect By Corey Tropp.
16:35 of 1st period - Stopped by Thomas McCollum with a rebound.
16:51 of 1st period - Snap shot by Stanislav Chistov.
16:51 of 1st period - Shot Misses the Net.
16:53 of 1st period - Wrist shot by Cody Hodgson.
16:53 of 1st period - Shot Misses the Net.
16:55 of 1st period - Slapshot by Logan Stephenson.
16:55 of 1st period - Shot Blocked by Matt Corrente.
16:57 of 1st period - Slapshot by Logan Stephenson.
16:57 of 1st period - Deflect By Cody Hodgson.
16:57 of 1st period - Senators goal is going for a video replay.
16:57 of 1st period - The goal is refused. The attacking player has interfered with a goalkeeper in his goal crease..
16:58 of 1st period - Mark Olver wins face-off versus Evgeny Grachev in Influenza zone.
16:59 of 1st period - Snap shot by Gabriel Bourque.
16:59 of 1st period - Stopped by Thomas McCollum with a rebound.
17:06 of 1st period - Minor Penalty to Ben Smith for Tripping.
17:07 of 1st period - Evgeny Grachev wins face-off versus Josh Hennessy in Influenza zone.
18:21 of 1st period - John Klingberg is hit by Josh Hennessy and loses puck.
19:06 of 1st period - Penalty to Ben Smith is over, Ben Smith is back on ice.
19:08 of 1st period - Wrist shot by Robbie Earl.
19:08 of 1st period - Stopped by Marc Denis with a rebound.
19:10 of 1st period - Slapshot by Matt Corrente.
19:10 of 1st period - Stopped by Marc Denis with a rebound.
19:16 of 1st period - Snap shot by Robbie Earl.
19:16 of 1st period - Stopped by Marc Denis with a rebound.
19:18 of 1st period - Snap shot by Ben Smith.
19:18 of 1st period - Stopped by Marc Denis with a rebound.
19:20 of 1st period - Wrist shot by Evgeny Grachev.
19:20 of 1st period - Shot Blocked by Shane Sims.
19:22 of 1st period - Wrist shot by Robbie Earl.
19:22 of 1st period - Shot Misses the Net.
19:24 of 1st period - Wrist shot by Ben Smith.
19:24 of 1st period - Shot Misses the Net.
19:26 of 1st period - Snap shot by Evgeny Grachev.
19:26 of 1st period - Shot Misses the Net.
19:28 of 1st period - Wrist shot by Matt Corrente.
19:28 of 1st period - Shot Blocked by Shane Sims.
19:30 of 1st period - Wrist shot by Evgeny Grachev.
19:30 of 1st period - Shot Misses the Net.
19:32 of 1st period - Slapshot by Evgeny Grachev.
19:32 of 1st period - Shot Misses the Net.
19:34 of 1st period - Slapshot by Evgeny Grachev.
19:34 of 1st period - Deflect By Ben Smith.
19:34 of 1st period - Stopped by Marc Denis with a rebound.
19:36 of 1st period - Snap shot by Ben Smith.
19:36 of 1st period - Shot Blocked by Shane Sims.
19:38 of 1st period - Snap shot by Evgeny Grachev.
19:38 of 1st period - Shot Blocked by Shane Sims.
19:40 of 1st period - Slapshot by Matt Corrente.
19:40 of 1st period - Stopped by Marc Denis with a rebound.
Goals for this period are 2 for Senators vs 1 for Influenza.
Shots for this period are 18 for Senators vs 12 for Influenza.
2nd period
0:01 of 2nd period - Evgeny Grachev wins face-off versus Mark Olver in neutral zone.
0:04 of 2nd period - Logan Stephenson is hit by Evgeny Grachev and loses puck.
0:11 of 2nd period - Snap shot by Evgeny Grachev.
0:11 of 2nd period - Stopped by Marc Denis with a rebound.
0:13 of 2nd period - Snap shot by Ben Smith.
0:13 of 2nd period - Influenza goal is going for a video replay.
0:13 of 2nd period - The goal is refused. The puck has entered the net after making contact with an attacking player’s stick that is above the height of the crossbar..
0:14 of 2nd period - Cody Hodgson wins face-off versus Mark Scheifele in Senators zone.
0:14 of 2nd period - Cody Hodgson is hit by John Klingberg.
0:24 of 2nd period - John Klingberg is hit by Stanislav Chistov and loses puck.
0:39 of 2nd period - John Klingberg is hit by Mark Olver and loses puck.
0:44 of 2nd period - Wrist shot by Gabriel Bourque.
0:44 of 2nd period - Deflect By Mathieu Carle.
0:44 of 2nd period - Goal by Gabriel Bourque - Senators : 3 - Influenza : 1.
0:45 of 2nd period - Evgeny Grachev wins face-off versus Mark Olver in neutral zone.
0:48 of 2nd period - Slapshot by John Klingberg.
0:48 of 2nd period - Stopped by Marc Denis without a rebound.
0:49 of 2nd period - Mark Olver wins face-off versus Evgeny Grachev in Senators zone.
0:54 of 2nd period - Wrist shot by Gabriel Bourque.
0:54 of 2nd period - Shot Blocked by John Klingberg.
0:56 of 2nd period - Wrist shot by Gabriel Bourque.
0:56 of 2nd period - Stopped by Thomas McCollum without a rebound.
0:57 of 2nd period - Evgeny Grachev wins face-off versus Cody Hodgson in Influenza zone.
1:22 of 2nd period - Snap shot by Mark Scheifele.
1:22 of 2nd period - Shot Blocked by Mark Olver.
1:32 of 2nd period - Snap shot by Mark Scheifele.
1:32 of 2nd period - Stopped by Marc Denis without a rebound.
1:33 of 2nd period - Cody Hodgson wins face-off versus Evgeny Grachev in Senators zone.
1:42 of 2nd period - Slapshot by Shane Sims.
1:42 of 2nd period - Goal by Shane Sims - Senators : 4 - Influenza : 1.
1:43 of 2nd period - Mark Olver wins face-off versus Evgeny Grachev in neutral zone.
1:54 of 2nd period - Off-side.
1:55 of 2nd period - Cody Hodgson wins face-off versus Evgeny Grachev in neutral zone.
1:58 of 2nd period - Jamie Benn is hit by Milan Jurcina and loses puck.
2:03 of 2nd period - Slapshot by Sergei Kostitsyn.
2:03 of 2nd period - Goal by Sergei Kostitsyn - Senators : 5 - Influenza : 1.
2:03 of 2nd period - Olivier Roy enters game.
2:04 of 2nd period - Evgeny Grachev wins face-off versus Cody Hodgson in neutral zone.
2:07 of 2nd period - Snap shot by John Klingberg.
2:07 of 2nd period - Shot Blocked by Logan Stephenson.
2:09 of 2nd period - Wrist shot by Evgeny Grachev.
2:09 of 2nd period - Stopped by Marc Denis without a rebound.
2:10 of 2nd period - Cody Hodgson wins face-off versus Evgeny Grachev in Senators zone.
2:14 of 2nd period - Off-side.
2:15 of 2nd period - Mark Scheifele wins face-off versus Mark Olver in neutral zone.
2:17 of 2nd period - John Klingberg is hit by Jack Skille and loses puck.
2:22 of 2nd period - Mathieu Carle is hit by Logan Stephenson and loses puck.
2:48 of 2nd period - Minor Penalty to Evgeny Grachev for Roughing.
2:49 of 2nd period - Charlie Coyle wins face-off versus Cody Hodgson in Influenza zone.
3:28 of 2nd period - Snap shot by Sergei Kostitsyn.
3:28 of 2nd period - Shot Blocked by Matt Corrente.
3:35 of 2nd period - Icing by Logan Stephenson.
3:36 of 2nd period - Josh Hennessy wins face-off versus Charlie Coyle in Senators zone.
4:48 of 2nd period - Penalty to Evgeny Grachev is over, Evgeny Grachev is back on ice.
5:49 of 2nd period - Jeremy Morin is hit by Andy Hilbert and loses puck.
5:56 of 2nd period - Josh Hennessy is hit by Carl Gunnarsson and loses puck.
6:51 of 2nd period - Wrist shot by Mark Scheifele.
6:51 of 2nd period - Shot Blocked by Shane Sims.
7:48 of 2nd period - Snap shot by Iiro Pakarinen.
7:48 of 2nd period - Stopped by Marc Denis without a rebound.
7:49 of 2nd period - Cody Hodgson wins face-off versus Evgeny Grachev in Senators zone.
7:56 of 2nd period - Mathieu Carle is hit by Cody Hodgson and loses puck.
8:52 of 2nd period - Snap shot by Ben Smith.
8:52 of 2nd period - Stopped by Marc Denis without a rebound.
8:53 of 2nd period - Cody Hodgson wins face-off versus Charlie Coyle in Senators zone.
8:58 of 2nd period - Snap shot by Sergei Kostitsyn.
8:58 of 2nd period - Shot Blocked by Matt Corrente.
9:00 of 2nd period - Snap shot by Sergei Kostitsyn.
9:00 of 2nd period - Stopped by Olivier Roy without a rebound.
9:01 of 2nd period - Sergei Kostitsyn wins face-off versus Charlie Coyle in Influenza zone.
9:14 of 2nd period - Slapshot by Stanislav Chistov.
9:14 of 2nd period - Shot Misses the Net.
9:22 of 2nd period - Snap shot by Corey Tropp.
9:22 of 2nd period - Goal by Corey Tropp - Senators : 5 - Influenza : 2.
9:23 of 2nd period - Stanislav Chistov wins face-off versus Evgeny Grachev in neutral zone.
9:28 of 2nd period - Wrist shot by Sergei Kostitsyn.
9:28 of 2nd period - Shot Misses the Net.
9:30 of 2nd period - Slapshot by Logan Stephenson.
9:30 of 2nd period - Shot Misses the Net.
9:32 of 2nd period - Wrist shot by Sergei Kostitsyn.
9:32 of 2nd period - Deflect By Cody Hodgson.
9:32 of 2nd period - Shot Misses the Net.
9:32 of 2nd period - Puck is out of play.
9:33 of 2nd period - Evgeny Grachev wins face-off versus Cody Hodgson in Influenza zone.
9:33 of 2nd period - Evgeny Grachev is hit by Sergei Kostitsyn.
9:39 of 2nd period - Slapshot by Mathieu Carle.
9:39 of 2nd period - Stopped by Marc Denis with a rebound.
9:50 of 2nd period - Minor Penalty to Ben Smith for Boarding.
9:51 of 2nd period - Evgeny Grachev wins face-off versus Cody Hodgson in Influenza zone.
10:05 of 2nd period - Wrist shot by Sergei Kostitsyn.
10:05 of 2nd period - Stopped by Olivier Roy with a rebound.
10:07 of 2nd period - Slapshot by Logan Stephenson.
10:07 of 2nd period - Goal by Logan Stephenson - Senators : 6 - Influenza : 2.
10:08 of 2nd period - Evgeny Grachev wins face-off versus Cody Hodgson in neutral zone.
10:15 of 2nd period - Snap shot by Jamie Benn.
10:15 of 2nd period - Stopped by Marc Denis without a rebound.
10:16 of 2nd period - Cody Hodgson wins face-off versus Evgeny Grachev in Senators zone.
10:16 of 2nd period - Cody Hodgson is hit by John Klingberg.
10:32 of 2nd period - Snap shot by Cody Hodgson.
10:32 of 2nd period - Deflect By Mathieu Carle.
10:32 of 2nd period - Goal by Cody Hodgson - Senators : 7 - Influenza : 2.
10:33 of 2nd period - Mark Olver wins face-off versus Mark Scheifele in neutral zone.
11:06 of 2nd period - Minor Penalty to Logan Stephenson for Holding.
11:07 of 2nd period - Sergei Kostitsyn wins face-off versus Evgeny Grachev in Senators zone.
11:17 of 2nd period - Slapshot by John Klingberg.
11:17 of 2nd period - Stopped by Marc Denis without a rebound.
11:18 of 2nd period - Evgeny Grachev wins face-off versus Sergei Kostitsyn in Senators zone.
11:19 of 2nd period - Slapshot by John Klingberg.
11:19 of 2nd period - Shot Blocked by Jeff Petry.
11:47 of 2nd period - Slapshot by John Klingberg.
11:47 of 2nd period - Stopped by Marc Denis with a rebound.
11:51 of 2nd period - Snap shot by Robbie Earl.
11:51 of 2nd period - Shot Blocked by Milan Jurcina.
12:50 of 2nd period - Mathieu Carle is hit by Cody Hodgson and loses puck.
13:06 of 2nd period - Penalty to Logan Stephenson is over, Logan Stephenson is back on ice.
13:11 of 2nd period - Backhand shot by Stanislav Chistov.
13:11 of 2nd period - Shot Misses the Net.
13:13 of 2nd period - Wrist shot by Logan Stephenson.
13:13 of 2nd period - Shot Misses the Net.
13:15 of 2nd period - Snap shot by Stanislav Chistov.
13:15 of 2nd period - Shot Misses the Net.
13:17 of 2nd period - Slapshot by Shane Sims.
13:17 of 2nd period - Stopped by Olivier Roy with a rebound.
13:19 of 2nd period - Wrist shot by Logan Stephenson.
13:19 of 2nd period - Stopped by Olivier Roy without a rebound.
13:20 of 2nd period - Mark Scheifele wins face-off versus Mark Olver in Influenza zone.
13:20 of 2nd period - Mark Scheifele is hit by Mark Olver.
13:21 of 2nd period - Mark Scheifele from Influenza is injured at 13:21 of 2nd period (Torn Right Knee Ligaments).
13:22 of 2nd period - Cody Hodgson wins face-off versus Evgeny Grachev in Influenza zone.
13:31 of 2nd period - Wrist shot by Sergei Kostitsyn.
13:31 of 2nd period - Goal by Sergei Kostitsyn - Senators : 8 - Influenza : 2.
13:32 of 2nd period - Cody Hodgson wins face-off versus Evgeny Grachev in neutral zone.
13:59 of 2nd period - Matt Corrente is hit by Shane Sims and loses puck.
14:54 of 2nd period - Wrist shot by Robbie Earl.
14:54 of 2nd period - Shot Misses the Net.
14:56 of 2nd period - Slapshot by Jeremy Morin.
14:56 of 2nd period - Deflect By Logan Stephenson.
14:56 of 2nd period - Stopped by Marc Denis without a rebound.
14:57 of 2nd period - Jordan Schroeder wins face-off versus Cody Hodgson in Senators zone.
15:13 of 2nd period - Wrist shot by Cody Hodgson.
15:13 of 2nd period - Stopped by Olivier Roy with a rebound.
15:21 of 2nd period - Wrist shot by Robbie Earl.
15:21 of 2nd period - Stopped by Marc Denis without a rebound.
15:22 of 2nd period - Mark Olver wins face-off versus Evgeny Grachev in Senators zone.
15:27 of 2nd period - Backhand shot by Gabriel Bourque.
15:27 of 2nd period - Stopped by Olivier Roy with a rebound.
15:29 of 2nd period - Slapshot by Mark Olver.
15:29 of 2nd period - Stopped by Olivier Roy with a rebound.
15:31 of 2nd period - Snap shot by Jack Skille.
15:31 of 2nd period - Shot Misses the Net.
15:33 of 2nd period - Snap shot by Jack Skille.
15:33 of 2nd period - Stopped by Olivier Roy with a rebound.
15:47 of 2nd period - Jeremy Morin is hit by Andy Hilbert and loses puck.
16:14 of 2nd period - Wrist shot by Cody Hodgson.
16:14 of 2nd period - Deflect By Robbie Earl.
16:14 of 2nd period - Shot Blocked by Robbie Earl.
16:14 of 2nd period - Puck is out of play.
16:15 of 2nd period - Ben Smith wins face-off versus Cody Hodgson in Influenza zone.
16:24 of 2nd period - Snap shot by Mathieu Carle.
16:24 of 2nd period - Shot Misses the Net.
16:40 of 2nd period - Snap shot by Iiro Pakarinen.
16:40 of 2nd period - Deflect By Ryan Russell.
16:40 of 2nd period - Shot Misses the Net.
16:40 of 2nd period - Puck is out of play.
16:41 of 2nd period - Cody Hodgson wins face-off versus Evgeny Grachev in Senators zone.
17:34 of 2nd period - Snap shot by Charlie Coyle.
17:34 of 2nd period - Stopped by Marc Denis with a rebound.
17:50 of 2nd period - Josh Hennessy is hit by Ryan Russell and loses puck.
18:09 of 2nd period - Sergei Kostitsyn is hit by Jeremy Morin.
18:21 of 2nd period - Jordan Schroeder is hit by Nicolas Deslauriers.
18:49 of 2nd period - Snap shot by T.J Galiardi.
18:49 of 2nd period - Shot Misses the Net.
18:51 of 2nd period - Wrist shot by Charlie Coyle.
18:51 of 2nd period - Shot Blocked by Nick Bjugstad.
18:53 of 2nd period - Snap shot by T.J Galiardi.
18:53 of 2nd period - Shot Misses the Net.
19:23 of 2nd period - Slapshot by Gabriel Bourque.
19:23 of 2nd period - Shot Misses the Net.
19:25 of 2nd period - Snap shot by Jack Skille.
19:25 of 2nd period - Shot Misses the Net.
19:27 of 2nd period - Wrist shot by Mark Olver.
19:27 of 2nd period - Stopped by Olivier Roy with a rebound.
19:29 of 2nd period - Snap shot by Gabriel Bourque.
19:29 of 2nd period - Stopped by Olivier Roy with a rebound.
19:31 of 2nd period - Slapshot by Milan Jurcina.
19:31 of 2nd period - Deflect By Oskars Bartulis.
19:31 of 2nd period - Stopped by Olivier Roy with a rebound.
Goals for this period are 6 for Senators vs 1 for Influenza.
Shots for this period are 18 for Senators vs 15 for Influenza.
3rd period
0:01 of 3rd period - Cody Hodgson wins face-off versus Evgeny Grachev in neutral zone.
0:03 of 3rd period - Milan Jurcina is hit by Evgeny Grachev.
0:21 of 3rd period - Minor Penalty to Evgeny Grachev for Holding.
0:22 of 3rd period - Charlie Coyle wins face-off versus Cody Hodgson in Influenza zone.
0:35 of 3rd period - Charlie Coyle is hit by Sergei Kostitsyn and loses puck.
2:21 of 3rd period - Penalty to Evgeny Grachev is over, Evgeny Grachev is back on ice.
2:46 of 3rd period - Mathieu Carle is hit by Mark Olver and loses puck.
2:54 of 3rd period - Icing by Mathieu Carle.
2:55 of 3rd period - Nick Bjugstad wins face-off versus Jeremy Morin in Influenza zone.
4:01 of 3rd period - Wrist shot by T.J Galiardi.
4:01 of 3rd period - Stopped by Marc Denis with a rebound.
4:15 of 3rd period - Wrist shot by Matt Frattin.
4:15 of 3rd period - Shot Misses the Net.
4:29 of 3rd period - Snap shot by Josh Hennessy.
4:29 of 3rd period - Stopped by Olivier Roy with a rebound.
4:31 of 3rd period - Snap shot by Tomas Jurco.
4:31 of 3rd period - Shot Misses the Net.
5:35 of 3rd period - Nick Bjugstad is hit by Evgeny Grachev and loses puck.
5:56 of 3rd period - Wrist shot by Josh Hennessy.
5:56 of 3rd period - Shot Misses the Net.
5:58 of 3rd period - Wrist shot by Josh Hennessy.
5:58 of 3rd period - Shot Blocked by Iiro Pakarinen.
6:00 of 3rd period - Wrist shot by Josh Hennessy.
6:00 of 3rd period - Stopped by Olivier Roy with a rebound.
6:12 of 3rd period - Jeff May is hit by Jack Skille and loses puck.
7:00 of 3rd period - Wrist shot by Corey Tropp.
7:00 of 3rd period - Deflect By T.J Galiardi.
7:00 of 3rd period - Goal by T.J Galiardi - Senators : 8 - Influenza : 3.
7:01 of 3rd period - Cody Hodgson wins face-off versus Evgeny Grachev in neutral zone.
7:26 of 3rd period - Milan Jurcina is hit by Mathieu Carle and loses puck.
8:19 of 3rd period - Ryan Russell is hit by Jeff Petry and loses puck.
8:32 of 3rd period - Martin Marincin is hit by John Klingberg and loses puck.
9:02 of 3rd period - Icing by Jaden Schwartz.
9:03 of 3rd period - Jordan Schroeder wins face-off versus Nick Bjugstad in Senators zone.
9:04 of 3rd period - Slapshot by John Klingberg.
9:04 of 3rd period - Shot Blocked by Matt Frattin.
9:14 of 3rd period - Slapshot by Ben Smith.
9:14 of 3rd period - Shot Misses the Net.
9:16 of 3rd period - Wrist shot by Ryan Russell.
9:16 of 3rd period - Deflect By Iiro Pakarinen.
9:16 of 3rd period - Shot Blocked by Nicolas Deslauriers.
9:16 of 3rd period - Puck is out of play.
9:17 of 3rd period - Ben Smith wins face-off versus Cody Hodgson in Senators zone.
9:30 of 3rd period - Slapshot by Robbie Earl.
9:30 of 3rd period - Shot Blocked by Sergei Kostitsyn.
10:01 of 3rd period - Off-side.
10:02 of 3rd period - Nick Bjugstad wins face-off versus Jeremy Morin in neutral zone.
10:27 of 3rd period - Jamie Benn is hit by Jeff Petry and loses puck.
12:36 of 3rd period - Off-side.
12:37 of 3rd period - Iiro Pakarinen wins face-off versus Gabriel Bourque in neutral zone.
12:46 of 3rd period - Slapshot by Ryan Russell.
12:46 of 3rd period - Shot Misses the Net.
12:48 of 3rd period - Slapshot by Carl Gunnarsson.
12:48 of 3rd period - Stopped by Marc Denis without a rebound.
12:49 of 3rd period - Ben Smith wins face-off versus Cody Hodgson in Senators zone.
12:50 of 3rd period - Wrist shot by Robbie Earl.
12:50 of 3rd period - Shot Misses the Net.
13:11 of 3rd period - Icing by Robbie Earl.
13:12 of 3rd period - Mark Olver wins face-off versus Charlie Coyle in Influenza zone.
13:20 of 3rd period - Double Minor Penalty to T.J Galiardi for Roughing.
13:21 of 3rd period - Cody Hodgson wins face-off versus Evgeny Grachev in Influenza zone.
13:42 of 3rd period - Icing by Logan Stephenson.
13:43 of 3rd period - Charlie Coyle wins face-off versus Cody Hodgson in Senators zone.
13:44 of 3rd period - Slapshot by John Klingberg.
13:44 of 3rd period - Shot Misses the Net.
14:20 of 3rd period - Wrist shot by Sergei Kostitsyn.
14:20 of 3rd period - Stopped by Olivier Roy without a rebound.
14:21 of 3rd period - Josh Hennessy wins face-off versus Evgeny Grachev in Influenza zone.
14:32 of 3rd period - Slapshot by Jeff Petry.
14:32 of 3rd period - Shot Blocked by Matt Corrente.
14:34 of 3rd period - Slapshot by Jeff Petry.
14:34 of 3rd period - Stopped by Olivier Roy with a rebound.
14:36 of 3rd period - Snap shot by Jack Skille.
14:36 of 3rd period - Shot Misses the Net.
14:50 of 3rd period - Ben Smith is hit by Shane Sims and loses puck.
17:20 of 3rd period - Penalty to T.J Galiardi is over, T.J Galiardi is back on ice.
17:36 of 3rd period - Jaden Schwartz is hit by Iiro Pakarinen.
17:56 of 3rd period - Jack Skille is hit by Jeff May and loses puck.
18:01 of 3rd period - Slapshot by Mathieu Carle.
18:01 of 3rd period - Shot Blocked by Martin Marincin.
18:03 of 3rd period - Snap shot by Corey Tropp.
18:03 of 3rd period - Stopped by Marc Denis with a rebound.
18:49 of 3rd period - Corey Tropp is hit by Gabriel Bourque and loses puck.
19:17 of 3rd period - Icing by Charlie Coyle.
19:18 of 3rd period - Cody Hodgson wins face-off versus Charlie Coyle in Influenza zone.
19:37 of 3rd period - Slapshot by Carl Gunnarsson.
19:37 of 3rd period - Deflect By Stanislav Chistov.
19:37 of 3rd period - Stopped by Marc Denis with a rebound.
19:59 of 3rd period - Wrist shot by Matt Frattin.
19:59 of 3rd period - Shot Misses the Net.
Goals for this period are 0 for Senators vs 1 for Influenza.
Shots for this period are 4 for Senators vs 5 for Influenza.
Back to the Top